 Dungeon Crawl Stone Soup version 0.29.0-13-gc9e81de378 (webtiles) character file.

Game seed: 6857253252247099343

58 Ofeo the Conjurer (level 4, -21/33 HPs)
             Began as a Meteoran Conjurer on Sept 9, 2022.
             Demolished by an ogre
             ... wielding a +0 giant club
              (28 damage)
             ... on level 4 of the Dungeon.
             The game lasted 00:02:29 (271 turns).

Ofeo the Conjurer (Meteoran Conjurer)                Turns: 271, Time: 00:02:30

Health: -21/33     AC:  2    Str:  9    XL:     4   Next: 44%
Magic:  4/10       EV: 12    Int: 21    God:
Gold:   53         SH:  0    Dex: 12    Spells: 6/9 levels left

rFire   . . .      SeeInvis .   a - staff of conjuration
rCold   . . .      Faith    .   (no shield)
rNeg    . . .      Spirit   .   e - +0 robe
rPois   .          Reflect  .   (no helmet)
rElec   .          Harm     .   (no cloak)
rCorr   .          Rampage  .   (no gloves)
Will    .....                   (no boots)
Stlth   +.........              (no amulet)
HPRegen 0.11/turn               (no ring)
MPRegen 0.12/turn               (no ring)

@: very slightly contaminated, glowing
A: sense surroundings 1, otherworldly, glowing, explore regen
a: no special abilities


You were on level 4 of the Dungeon.
You visited 1 branch of the dungeon, and saw 4 of its levels.

You collected 53 gold pieces.

Inventory:

Hand Weapons
 b - a +1 short sword of venom
Armour
 e - a +0 robe (worn)
Magical Staves
 a - a staff of conjuration (weapon)
Jewellery
 j - a +6 ring of dexterity
Scrolls
 c - a scroll of teleportation {unknown}
 g - 2 scrolls of poison {unknown}
 h - a scroll of torment {unknown}
Potions
 d - a potion of magic
 f - a potion of attraction {unknown}
 i - a potion of lignification {unknown}


   Skills:
 + Level 3.2 Dodging
 + Level 2.0 Stealth
 + Level 3.4 Spellcasting
 + Level 5.3 Conjurations


You had 6 spell levels left.
You knew the following spells:

 Your Spells              Type           Power      Damage    Failure   Level
a - Magic Dart            Conj           100%       1d8       1%          1
b - Searing Ray           Conj           78%        2d7       1%          2

Your spell library contained the following spells:

 Spells                   Type           Power      Damage    Failure   Level
 Dazzling Flash           Conj/Hex       44%        N/A       13%         3
 Fulminant Prism          Conj/Hex       11%        3d9       38%         4
 Iskenderun's Mystic Bla  Conj/Tloc      22%        2d6       38%         4


Dungeon Overview and Level Annotations

Branches:
Dungeon (4/15) Zot: 2129
 Temple: D:4-7

Altars:

Shops:
D:2 ?


Innate Abilities, Weirdness & Mutations

You passively map a small area around you.
You are easily found by Zot.
You glow in the dark.
You regain HP and MP as you explore.


Message History

Found a falchion.
An ogre comes into view. It is wielding a +0 giant club.
MP restored: 10 The ogre shouts!
You see here an amulet of guardian spirit.
Casting: Magic Dart (safe; 1% risk of failure)
Confirm with . or Enter, or press ? or * to list all spells.
Aiming: Searing Ray (safe; 1% risk of failure)
Press: ? - help, Shift-Dir - straight line, f - ogre
Aim: an ogre, wielding a +0 giant club (91% to hit)
You feel a surge of power!
You miscast Searing Ray.
You are very lightly contaminated with residual magic.
Nothing appears to happen.
You now have 8/10 mp.
Casting: Searing Ray (safe; 1% risk of failure)
Confirm with . or Enter, or press ? or * to list all spells.
Aiming: Searing Ray (safe; 1% risk of failure)
Press: ? - help, Shift-Dir - straight line, f/p - ogre
Aim: an ogre, wielding a +0 giant club (91% to hit)
You feel a surge of power!
The searing ray misses the ogre. (Press . to maintain the ray.)
You now have 7/10 mp.
The searing ray misses the ogre.
The ogre hits you with a +0 giant club!!
Ouch! That really hurt!
* * * LOW HITPOINT WARNING * * *
You take 26 damage, and have 7/33 hp.
MASSIVE DAMAGE!!
You now have 6/10 mp.
Unknown command.
Okay, then.
The searing ray hits the ogre!
The ogre is heavily wounded.
You now have 5/10 mp.
The searing ray hits the ogre.
The ogre is severely wounded.
You finish channelling your searing ray.
The ogre hits you with a +0 giant club!!
Ouch! That really hurt!
You die...

...###########.....##.#
#..)....................
*
#.......................
,
......................>.
, ,
........................
........................
........................
,
......).................
......O@................
........................
........................
,
..#.....................
. #.....................
.......(...............
,
........................
........................
,.....[............


You could see an ogre.

Vanquished Creatures
  An iguana (D:4)
  An adder (D:2)
  2 worms
  2 bats (D:2)
  2 endoplasms
  2 goblins (D:2)
  2 quokkas
  2 ball pythons
  4 kobolds
  A rat (D:3)
19 creatures vanquished.

Notes
Turn   | Place    | Note
-------+----------+-------------------------------------------
     0 | D:1      | Ofeo the Meteoran Conjurer began the quest for the Orb.
     0 | D:1      | Reached XP level 1. HP: 14/14 MP: 5/5
    51 | D:2      | Reached XP level 2. HP: 17/20 MP: 4/6
    70 | D:2      | Reached skill level 5 in Conjurations
    70 | D:2      | Found Enisaer's Magic Scroll Shop.
   112 | D:2      | Learned a level 2 spell: Searing Ray
   118 | D:2      | Reached XP level 3. HP: 26/26 MP: 1/8
   246 | D:4      | Reached XP level 4. HP: 33/33 MP: 5/10
   264 | D:4      | Noticed an ogre
   271 | D:4      | Demolished by an ogre

Illustrated notes

Levels and vault maps discovered:
D:1:      dpeg_arrival_brainrot, layout_basic, minmay_tall_x
D:2:      layout_basic, serial_shops, shop_statue, shop, shop, shop,
          nicolae_lakefront_shop, grunt_ministairs_2, kennysheep_generic_room_7
D:3:      layout_basic, gammafunk_ghost_smash,
          dreamdust_ecumenical_altar_drowned_temple,
          nicolae_concentric_dashed_squares_wild
D:4:      layout_basic, minmay_misc_feat_tower

Skill      XL: |  1  2  3 |
---------------+----------+-----
Conjurations   | 5 |  5.3
Spellcasting   | 3 |  3.4
Dodging        | 3 |  3.2
Stealth        | 2 |  2.0

Action                   |  1- 3 |  4- 6 || total
-------------------------+-------+-------++-------
Melee: Short sword       |     1 |       ||     1
       Unarmed           |     1 |       ||     1
 Cast: Magic Dart        |    31 |     1 ||    32
       Searing Ray       |     2 |     1 ||     3
Armor: Robe              |    10 |       ||    10
Dodge: Dodged            |    10 |       ||    10
